 Dungeon Crawl Stone Soup version 0.31-a0-188-g5e087ee2ca (webtiles) character file.

Game seed: 1817629107633911943

70 qw the Shooter (level 4, 0/25 HPs)
             Began as a Deep Elf Hunter on June 23, 2023.
             Succumbed to their own poison gas
             ... on level 2 of the Dungeon.
             The game lasted 00:00:26 (1697 turns).

qw the Shooter (Deep Elf Hunter)                    Turns: 1697, Time: 00:00:27

Health: 0/25       AC:  7    Str: 10    XL:     4   Next: 3%
Magic:  6/6        EV: 11    Int: 14    God:
Gold:   111        SH:  0    Dex: 18    Spells: 3/3 levels left

rFire   . . .        Y - +0 shortbow
rCold   . . .        (shield currently unavailable)
rNeg    . . .        d - +0 ring mail
rPois   .            f - +0 helmet
rElec   .            (no cloak)
rCorr   .            e - +0 pair of gloves
SInv    .            (no boots)
Will    .....        (no amulet)
Stlth   +            (no ring)
HPRegen 0.24/turn    (no ring)
MPRegen 0.10/turn

%: no passive effects
@: lethally poisoned (0 -> -4)
A: no striking features
a: no special abilities


You were on level 2 of the Dungeon.
You visited 1 branch of the dungeon, and saw 2 of its levels.

You collected 111 gold pieces.


   Skills:
 - Level 1.5 Fighting
 + Level 7.4 Ranged Weapons
 - Level 2.4 Dodging
 - Level 1.2 Stealth


You had 3 spell levels left.
You didn't know any spells.
Your spell library was empty.

Inventory:

Hand Weapons
 Y - a +0 shortbow (weapon)
Armour
 d - a +0 ring mail (worn)
 e - a +0 pair of gloves (worn)
 f - a +0 helmet (worn)
Scrolls
 a - a scroll of identify
Potions
 b - a potion of curing {unknown}
 c - a potion of attraction {unknown}
 g - 3 potions of haste
 i - a potion of ambrosia {unknown}

Dungeon Overview and Level Annotations

Branches:
Dungeon (2/15)

Altars:


Message History

You finish putting on your +0 pair of gloves.
Done exploring.
1689 ||| READING scroll labelled TEM GUIKOWORGH.
The air fills with toxic fumes!
As you read the scroll labelled TEM GUIKOWORGH, it crumbles to dust.
It was a scroll of poison.
Done exploring.
(D) Dungeon
Where to? (* - list waypoints, Enter - D:2, ? - help)
What level of the Dungeon? (default 1, ? - help) Sorry, I don't know how to get there.
Enter note:
Enter note:
Enter note:
Enter note:
Enter note:
Enter note:
Enter note:
Enter note:
Enter note:
Enter note:
Enter note:
Enter note: Really walk into that cloud of poison gas?
You are engulfed in poison gas.
You are poisoned.
You feel very sick.
1691 ||| Stepping ~*~*~tactically~*~*~ (cloud).
You feel very sick.
There is a lethal amount of poison in your body!
You feel very sick.
There is a lethal amount of poison in your body!
You feel very sick.
There is a lethal amount of poison in your body!
You feel sick.
There is a lethal amount of poison in your body!
You feel sick.
There is a lethal amount of poison in your body!
You feel sick.
There is a lethal amount of poison in your body!
You die...

.............##.#....###.#.# #.
................#........#)# #.
.........########....#####.# #.
.........'.................# ##
.........#########...####### #
.........# #...############
......)..# #.>.............
.........# #######.##############
########## #¤0¤¤@#.# ## #.###¤#.#
.# #.# #¤#.# .# #.# #¤#.##### .#
#.###¤#.....# .#
#########...#¤#..##.########## .#
#...........¤0#...............
.###.#########.#¤0...#.##########
.....# #.#.#.#.#...........


There were no monsters in sight!

Vanquished Creatures
  4 adders (D:2)
  A worm (D:2)
  An endoplasm (D:2)
  2 giant cockroaches (D:1)
  4 goblins
  2 hobgoblins
  2 jackals (D:1)
  A kobold (D:1)
  2 quokkas
  3 ball pythons
  A bat (D:2)
  7 frilled lizards
  2 rats (D:2)
32 creatures vanquished.

Notes
Turn   | Place    | Note
-------+----------+-------------------------------------------
     0 | D:1      | qw the Deep Elf Hunter began the quest for the Orb.
     0 | D:1      | Reached XP level 1. HP: 12/12 MP: 3/3
     0 | D:1      | 0 ||| qw: Version: 0.3-a-9-g12657ce
     0 | D:1      | 0 ||| qw: Game counter: 3563
     0 | D:1      | 0 ||| qw: Always use a shield: true
     0 | D:1      | 0 ||| qw: God list: Okawaru
     0 | D:1      | 0 ||| qw: Allow faded altars: false
     0 | D:1      | 0 ||| qw: Do Orc after D:15 true
     0 | D:1      | 0 ||| qw: Do second Lair branch before Depths: true
     0 | D:1      | 0 ||| qw: Lair rune preference: random
     0 | D:1      | 0 ||| qw: Plans: Normal
     0 | D:1      | 0 ||| PLANNING D:1-11
   274 | D:1      | Reached skill level 6 in Ranged Weapons
   274 | D:1      | Reached XP level 2. HP: 16/16 MP: 4/4
   795 | D:1      | 795 ||| UPGRADING to +0 ring mail.
   805 | D:1      | 805 ||| DROPPING +0 leather armour.
   806 | D:1      | 806 ||| UPGRADING to +0 helmet.
   811 | D:1      | 811 ||| READING 2 scrolls labelled KOKAHYGOAWI.
   812 | D:1      | 812 ||| READING scroll labelled LIROUGG TUSTRU.
   813 | D:1      | 813 ||| DRINKING 3 emerald potions.
   814 | D:1      | 814 ||| DROPPING scroll of fog.
   815 | D:1      | 815 ||| DROPPING scroll of butterflies.
   964 | D:2      | Reached XP level 3. HP: 13/20 MP: 5/5
  1096 | D:2      | Reached skill level 7 in Ranged Weapons
  1483 | D:2      | Reached XP level 4. HP: 25/25 MP: 6/6
  1684 | D:2      | 1684 ||| UPGRADING to +0 pair of gloves.
  1689 | D:2      | 1689 ||| READING scroll labelled TEM GUIKOWORGH.
  1691 | D:2      | 1691 ||| Stepping ~*~*~tactically~*~*~ (cloud).
  1693 | D:2      | HP: 4/25 [poisoned by you (poison gas)]
  1696 | D:2      | HP: 1/25 [poisoned by you (poison gas)]
  1697 | D:2      | Succumbed to their own poison gas

Levels and vault maps discovered:
D:1:      psy_arrival_radial01, layout_loops_ring
D:2:      layout_basic

Skill      XL: |  1  2  3 |
---------------+----------+-----
Ranged Weapons | 6 7 |  7.4
Fighting       | |  1.5
Dodging        | |  2.4
Stealth        | |  1.2

Action                     |  1- 3 |  4- 6 || total
---------------------------+-------+-------++-------
   Fire: Shortbow          |    74 |       ||    74
    Use: Scroll            |     2 |     1 ||     3
         Potion            |     1 |       ||     1
 Armour: Leather armour    |     1 |       ||     1
         Ring mail         |     7 |       ||     7
  Dodge: Dodged            |     6 |       ||     6

Table legend:
 A = Non-vault XP
 B = Vault XP
 C = Vault XP percentage of total XP
 D = Non-vault monster count
 E = Vault monster count
 F = Vault count percentage of total count
                 A         B        C        D         E       F
            +---------+---------+-------+---------+---------+-------
      Total |     100 |       0 |   0.0 |      32 |       0 |   0.0
            +---------+---------+-------+---------+---------+-------
        D:1 |      25 |       0 |   0.0 |      15 |       0 |   0.0
        D:2 |      75 |       0 |   0.0 |      17 |       0 |   0.0
            +---------+---------+-------+---------+---------+-------
